 Dungeon Crawl Stone Soup version 0.28.0-43-g3370ac3207 (webtiles) character file.

Game seed: 1689522521851146710

8579 smarlow the Covert (level 11, -1/54 HPs)
             Began as a Vine Stalker Enchanter on Mar 29, 2022.
             Was an Elder of Wu Jian.
             Slain by a wraith (9 damage)
             ... on level 11 of the Dungeon.
             The game lasted 00:40:36 (12687 turns).

smarlow the Covert (Vine Stalker Enchanter)        Turns: 12687, Time: 00:40:36

Health: -1/54      AC:  6    Str: 12    XL:     11   Next: 33%
Magic:  0/33       EV: 15    Int: 15    God:    Wu Jian [****..]
Gold:   551        SH:  0    Dex: 18    Spells: 15/26 levels left

rFire   + + .      SeeInvis .   b - +5 dagger
rCold   + . .      Faith    .   (no shield)
rNeg    . . .      Spirit   +   J - +1 robe {rC+ rF+}
rPois   .          Reflect  .   (no helmet)
rElec   +          Harm     .   L - +0 cloak of Winter {rElec Stlth+}
rCorr   .          Rampage  .   (no gloves)
Will    +....                   D - +1 pair of boots
Stlth   ++++++....              C - amulet of regeneration
HPRegen 1.78/turn               G - ring of protection from fire
MPRegen 0.23/turn               n - ring of magical power

@: mighty, brilliant, on berserk cooldown, attractive, slowed, very slow
A: fangs 3, regeneration 1, magic shield, antimagic bite, no potion heal 2
a: Renounce Religion, Wall Jump, Serpent's Lash


You were on level 11 of the Dungeon.
You worshipped Wu Jian.
Wu Jian was greatly pleased with you.
You visited 1 branch of the dungeon, and saw 11 of its levels.

You collected 551 gold pieces.

Inventory:

Hand Weapons
 b - a +5 dagger (weapon)
 l - a +0 dagger of electrocution
Armour
 D - a +1 pair of boots (worn)
 J - a +1 robe of resistance (worn)
 L - the +0 cloak of Winter (worn) {rElec Stlth+}
   (You found it on level 9 of the Dungeon)

   rElec:     It insulates you from electricity.
   Stlth:     It makes you more stealthy.
Jewellery
 f - a ring of fire
 n - a ring of magical power (right hand)
 u - a ring of magical power
 C - an amulet of regeneration (around neck)
 G - a ring of protection from fire (left hand)
 H - an amulet of magic regeneration
Wands
 p - a wand of flame (12)
 q - a wand of paralysis (16)
 z - a wand of polymorph (11)
 I - a wand of charming (19)
 K - a wand of iceblast (6)
Scrolls
 a - a scroll of vulnerability
 g - a scroll of fog {unknown}
 i - 2 scrolls of enchant armour
 o - a scroll of immolation
 t - a scroll of amnesia {unknown}
 w - a scroll of summoning {unknown}
 y - a scroll of blinking
 A - 2 scrolls of magic mapping
Potions
 c - 5 potions of invisibility
 d - a potion of haste
 e - 6 potions of curing
 h - 3 potions of berserk rage
 k - 2 potions of flight
 m - 2 potions of lignification
 r - 4 potions of attraction
 s - 3 potions of might
 x - a potion of resistance {unknown}
 E - a potion of brilliance
 F - 2 potions of magic {unknown}


   Skills:
 + Level 4.9 Fighting
 + Level 5.2 Short Blades
 + Level 3.1 Armour
 * Level 5.5 Dodging
 + Level 10.5 Stealth
 * Level 8.4 Spellcasting
 + Level 3.8 Conjurations
 * Level 7.1 Hexes


You had 15 spell levels left.
You knew the following spells:

 Your Spells              Type           Power      Damage    Failure   Level
a - Ensorcelled Hibernat  Hex/Ice        50%        N/A       4%          2
b - Confusing Touch       Hex            41%        N/A       1%          3
c - Tukima's Dance        Hex            41%        N/A       1%          3
d - Dazzling Flash        Conj/Hex       68%        N/A       3%          3

Your spell library contained the following spells:

 Spells                   Type           Power      Damage    Failure   Level
 Animate Skeleton         Necr           18%        N/A       12%         1
 Apportation              Tloc           18%        N/A       12%         1
 Freeze                   Ice            36%        1d6       12%         1
 Sting                    Tmut/Pois      36%        1d4       12%         1
 Summon Small Mammal      Summ           36%        N/A       12%         1
 Corpse Rot               Necr/Air       18%        N/A       17%         2
 Passwall                 Tmut/Erth      7%         N/A       17%         2
 Poisonous Vapours        Pois/Air       18%        N/A       17%         2
 Scorch                   Fire           18%        2d6       17%         2
 Mephitic Cloud           Conj/Pois/Air  15%        N/A       21%         3
 Anguish                  Hex/Necr       12%        N/A       26%         4
 Frozen Ramparts          Ice            18%        1d3       34%         3
 Gell's Gravitas          Tloc           9%         N/A       34%         3
 Ignite Poison            Fire/Tmut/Pois 9%         N/A       34%         3
 Lesser Beckoning         Tloc           9%         N/A       34%         3
 Swiftness                Air            9%         N/A       34%         3
 Teleport Other           Tloc           9%         N/A       34%         3
 Flame Wave               Conj/Fire      18%        2d6       45%         4
 Hailstorm                Conj/Ice       18%        3d6       45%         4
 Olgreb's Toxic Radiance  Pois           9%         N/A       75%         4
 Summon Ice Beast         Ice/Summ       9%         N/A       75%         4
 Fireball                 Conj/Fire      9%         3d6       82%         5
 Freezing Cloud           Conj/Ice/Air   7%         6-21      88%         5
 Enfeeble                 Hex            20%        N/A       99%         7
 Starburst                Conj/Fire      9%         6d5       100%        6
 Summon Cactus Giant      Summ           4%         N/A       100%        6
 Ignition                 Fire           4%         3d4       100%        8
 Lehudib's Crystal Spear  Conj/Erth      9%         10d4      100%        8


Dungeon Overview and Level Annotations

Branches:
Dungeon (11/15)            Temple (0/1) D:4             Orc (0/2) D:10
   Lair: D:8-11

Altars:
Cheibriados
Fedhas
Gozag
Qazlal
Sif Muna
Wu Jian
Xom
Yredelemnul
Zin
The Shining One
Beogh

Shops:
D:3 *   D:11 (

Annotations:
D:6 3 runed translucent doors, vvl's ghost, novice DrVM
D:8 Erica
D:9 Psyche
D:10 Harold; Sonja


Innate Abilities, Weirdness & Mutations

You have razor-sharp teeth.
Your natural rate of healing is unusually fast.
When hurt, damage is shared between your health and your magic reserves.
Your bite disrupts and absorbs the magic of your enemies.
Potions cannot restore your health.


Message History

You feel very mighty all of a sudden.
Your transformation is almost over.
The wraith completely misses you.
The wraith hits you but does no damage. x3
It was a potion of brilliance.
You feel clever all of a sudden.
The wraith hits you but does no damage. x5
You hit the wraith but do no damage.
The wraith hits you but does no damage. x2
The wraith barely misses you.
You hit the wraith but do no damage. The wraith hits you.
The wraith hits you but does no damage. x3
You hit the wraith.
The wraith is lightly damaged.
The wraith hits you. The wraith hits you!
* * * LOW HITPOINT WARNING * * *
The wraith hits you.
* * * LOW HITPOINT WARNING * * *
The wraith drains your vigour!
You feel as though you will be slow longer.
You puncture the wraith!
The wraith is heavily damaged.
The wraith hits you but does no damage. x2; The wraith barely misses you.
You hit the wraith but do no damage.
The wraith is heavily damaged.
You feel less wooden.
The +0 cloak of Winter {rElec Stlth+} unmelds from your body.
Your +1 pair of boots unmelds from your body.
Your +1 robe of resistance unmelds from your body.
You feel resistant to extremes of temperature.
The wraith completely misses you. The wraith barely misses you.
The wraith misses you. The wraith hits you.
* * * LOW HITPOINT WARNING * * *
You puncture the wraith!
The wraith is severely damaged.
The wraith hits you!
* * * LOW HITPOINT WARNING * * *
The wraith drains your vigour!
You feel as though you will be slow longer.
The wraith hits you.
* * * LOW HITPOINT WARNING * * *
The wraith misses you. The wraith hits you!
You die...

..######.
#######........ .
#.....#........ #.
#.....#.........# #.
#.....#.....[...#####.
#.....#...............
#.....#...............
#.....#...............
#...W@#...............
#...WW#...............
#.....'........####'#.
#.....#........#....#.
#.....#..#####.#....#.
#.....#..# #.'.)..#.
#.....#W.# #.######.
#.....#.@# #.. .....
#.....#WW# #.. .....


You could see 3 wraiths.

Vanquished Creatures
  Josephine (D:11)
  2 two-headed ogres
  Nergalle (D:9)
  Pikel (D:7)
  A gargoyle (D:10)
  2 trolls (D:11)
  A hornet (D:9)
  A vampire (D:11)
  A wraith (D:11)
  5 yaks (D:9)
  A steam dragon (D:9)
  An acid dragon (D:9)
  A water moccasin (D:5)
  An ice beast (D:6)
  2 sky beasts (D:7)
  An ogre (D:5)
  2 necrophages (D:6)
  2 centaurs
  2 lemures (D:7)
  2 phantoms (D:5)
  5 kobold brigands
  4 bullfrogs
  A scorpion (D:4)
  A gnoll sergeant (D:10)
  2 wyvern skeletons (D:7)
  2 water moccasin skeletons
  5 killer bees (D:10)
  10 wights
  2 howler monkeys (D:10)
  3 jellies (D:5)
  2 centaur zombies
  A hound (D:4)
  5 orc priests
  A centaur skeleton (D:4)
  3 bullfrog skeletons
  3 iguanas
  8 orc wizards
  2 howler monkey zombies
  7 gnolls
  9 adders
  A shadow imp (D:5)
  4 ufetubi
  5 worms
  3 dart slugs
  29 orcs
  11 ball pythons
  9 bats
  4 endoplasms
  8 giant cockroaches
  15 goblins
  6 hobgoblins
  8 jackals (D:1)
  6 quokkas
  5 frilled lizards
  25 kobolds
  A quokka skeleton (D:4)
  2 rats
249 creatures vanquished.

Vanquished Creatures (collateral kills)
  2 gnolls (D:10)
  An orc (D:9)
  2 kobolds (D:8)
5 creatures vanquished.

Vanquished Creatures (others)
  13 dancing weapons
  A hound (D:5)
  An orc wizard (D:6)
  A kobold (D:9)
  A quokka (D:5)
17 creatures vanquished.

Grand Total: 271 creatures vanquished

Notes
Turn   | Place    | Note
-------+----------+-------------------------------------------
     0 | D:1      | smarlow the Vine Stalker Enchanter began the quest for the
                  | Orb.
     0 | D:1      | Reached XP level 1. HP: 9/9 MP: 4/4
    30 | D:1      | Reached skill level 1 in Short Blades
   119 | D:1      | Reached XP level 2. HP: 13/13 MP: 6/6
   126 | D:1      | Learned a level 2 spell: Ensorcelled Hibernation
   524 | D:1      | Found a faded altar of an unknown god.
   610 | D:1      | Reached XP level 3. HP: 16/16 MP: 7/7
   614 | D:1      | Learned a level 3 spell: Confusing Touch
   796 | D:1      | Reached skill level 4 in Stealth
  1493 | D:2      | Found an ornate altar of the Wu Jian Council.
  1498 | D:2      | Became a worshipper of the Wu Jian Council
  2006 | D:2      | Gained mutation: Your natural rate of healing is unusually
                  | fast. [Vine Stalker growth]
  2006 | D:2      | Reached XP level 4. HP: 8/21 MP: 2/8
  2071 | D:2      | Learned a level 3 spell: Tukima's Dance
  2170 | D:2      | Identified the +4 ring mail of Ennui {Harm rF+ rC- Str+6}
  2237 | D:2      | Reached skill level 1 in Fighting
  2849 | D:3      | Found an ornate altar of the Wu Jian Council.
  3072 | D:3      | Reached * piety under Wu Jian
  3189 | D:3      | Found a blossoming altar of Fedhas.
  3404 | D:3      | Reached XP level 5. HP: 22/25 MP: 9/10
  3499 | D:3      | Found Tywem's Assorted Antiques.
  4134 | D:4      | Reached skill level 5 in Stealth
  4134 | D:4      | Reached XP level 6. HP: 30/30 MP: 12/12
  4506 | D:4      | Found a staircase to the Ecumenical Temple.
  4533 | D:4      | Found a shimmering blue altar of Sif Muna.
  5422 | D:5      | Entered Level 5 of the Dungeon
  5522 | D:5      | Reached XP level 7. HP: 29/34 MP: 7/14
  5554 | D:5      | Reached skill level 6 in Stealth
  5564 | D:5      | Reached ** piety under Wu Jian
  5739 | D:5      | Found a glowing silver altar of Zin.
  6174 | D:5      | Found a shimmering altar of Xom.
  6194 | D:5      | Gained mutation: You have razor-sharp teeth. [Vine Stalker
                  | growth]
  6194 | D:5      | Reached XP level 8. HP: 37/39 MP: 16/16
  6217 | D:5      | Reached skill level 5 in Spellcasting
  6424 | D:5      | Reached skill level 7 in Stealth
  7043 | D:6      | Reached skill level 5 in Hexes
  7238 | D:6      | Found a runed translucent gate.
  7238 | D:6      | Found a runed translucent gate.
  7239 | D:6      | Found a runed translucent gate.
  7242 | D:6      | Noticed vvl's ghost (novice DrVM)
  7525 | D:6      | Reached skill level 8 in Stealth
  7525 | D:6      | Reached XP level 9. HP: 44/44 MP: 19/19
  7566 | D:6      | Learned a level 3 spell: Dazzling Flash
  8096 | D:7      | Found a stormy altar of Qazlal.
  8102 | D:7      | Found a basalt altar of Yredelemnul.
  8102 | D:7      | Found a snail-covered altar of Cheibriados.
  8346 | D:7      | Reached skill level 1 in Conjurations
  8584 | D:7      | Noticed Pikel
  8602 | D:7      | Killed Pikel
  8603 | D:7      | Reached skill level 1 in Armour
  8725 | D:8      | Got the Incunabulum of Glacial Conjuration
  8859 | D:7      | Reached skill level 9 in Stealth
  9232 | D:8      | Reached *** piety under Wu Jian
  9730 | D:8      | Noticed Erica
 10044 | D:9      | Reached XP level 10. HP: 48/49 MP: 21/21
 10454 | D:9      | Noticed a two-headed ogre
 10483 | D:9      | Noticed Psyche
 11354 | D:9      | Killed a two-headed ogre
 11355 | D:9      | Reached skill level 10 in Stealth
 11361 | D:9      | Identified the +0 cloak of Winter {rElec Stlth+}
 11464 | D:9      | Found a glowing golden altar of the Shining One.
 11590 | D:10     | Entered Level 10 of the Dungeon
 11654 | D:10     | Noticed Nergalle
 11677 | D:9      | Killed Nergalle
 12073 | D:10     | Found an opulent altar of Gozag.
 12110 | D:10     | Noticed a two-headed ogre
 12112 | D:10     | Found a staircase to the Orcish Mines.
 12116 | D:10     | Killed a two-headed ogre
 12117 | D:10     | Reached skill level 5 in Short Blades
 12117 | D:10     | Reached skill level 5 in Dodging
 12117 | D:10     | Reached XP level 11. HP: 54/54 MP: 24/24
 12135 | D:10     | Noticed Harold
 12145 | D:10     | Reached **** piety under Wu Jian
 12443 | D:10     | Noticed Sonja
 12579 | D:11     | Found Ohasal's Weapon Shop.
 12643 | D:11     | Noticed Josephine
 12670 | D:11     | Killed Josephine
 12687 | D:11     | Slain by a wraith

Illustrated notes

Levels and vault maps discovered:
D:1:      dpeg_arrival_arbitrary_c, layout_loops_ring, basic_ecumenical_altar
D:2:      layout_basic, basic_altar
D:3:      minmay_inner_zag, layout_basic, mainiacjoe_overflow_surrounded_room,
          nicolae_overflow_crystal_walls, serial_shops,
          nicolae_shop_advertising_works [nicolae_subvault_shop_adworks],
          hangedman_feature_mirror, kennysheep_generic_room_11
D:4:      layout_loops_corners, led_sif_book, minmay_temple_entry_glass
D:5:      layout_loops_ring, xom_confusion_cloud, overflow_temple_1_default
D:6:      layout_loops_corners, ebering_ghost_rock_garden
D:7:      layout_basic, chequers_temple_overflow_statue_of_worship,
          chequers_garden, uniq_pikel
D:8:      layout_basic, uniq_erica
D:9:      layout_long_grid, nicolae_tso_swordbearing_angel, uniq_psyche
D:10:     layout_cave_pools, nicolae_gozag_cash_rules_everything_around_me,
          minmay_orc_entry_temple_small, uniq_sonja, uniq_nergalle, uniq_harold
D:11:     layout_irregular_city, erik_lair_orcish_takeover, serial_shops,
          nicolae_shop_stone, uniq_josephine

Skill      XL: |  1  2  3  4  5  6  7  8  9 10 11 |
---------------+----------------------------------+-----
Short Blades   | 1 2 3 4 5 |  5.2
Stealth        | 4 5 6 8 9 10 | 10.5
Dodging        | 2 3 4 5 |  5.5
Fighting       | 1 2 3 4 |  4.9
Spellcasting   | 3 4 6 7 8 |  8.4
Hexes          | 4 5 6 7 |  7.1
Conjurations   | 2 3 |  3.8
Armour         | 1 2 3 |  3.1

Action                   |  1- 3 |  4- 6 |  7- 9 | 10-12 || total
-------------------------+-------+-------+-------+-------++-------
Melee: Dagger            |   141 |   143 |   276 |   133 ||   693
       Bite              |    24 |    29 |    75 |    27 ||   155
       Punch             |     1 |     1 |     2 |     3 ||     7
Throw: Throwing net      |       |       |       |     2 ||     2
 Cast: Ensorcelled Hiber |     7 |    50 |    49 |    44 ||   150
       Confusing Touch   |       |     1 |    20 |     5 ||    26
       Tukima's Dance    |       |     1 |    12 |    18 ||    31
       Dazzling Flash    |       |       |       |     6 ||     6
Invok: Lunge             |     2 |    34 |    24 |    27 ||    87
       Whirlwind         |       |     2 |     8 |     3 ||    13
Evoke: Wand              |       |       |       |     2 ||     2
  Use: Scroll            |       |     1 |     7 |     6 ||    14
       Potion            |       |       |       |     9 ||     9
 Stab: Sleeping          |    19 |    43 |    29 |    27 ||   118
       Confused          |       |     1 |    12 |     3 ||    16
       Distracted        |       |       |     1 |       ||     1
       Invisible         |       |       |       |     6 ||     6
Armor: Robe              |    34 |    23 |    30 |    21 ||   108
       Skin              |       |       |       |    31 ||    31
Dodge: Dodged            |    65 |    72 |   101 |   102 ||   340
